 Dungeon Crawl Stone Soup version 0.30-a0-883-g5ad918d77d (webtiles) character file.

Game seed: 4047413326908738094

18836 112233 the Thaumaturge (level 12, -22/94 HPs)
             Began as a Demonspawn Necromancer on Mar 16, 2023.
             Was an Elder of Qazlal.
             Annihilated by a large slime creature (33 damage)
             ... on level 12 of the Dungeon.
             The game lasted 00:16:31 (14277 turns).

112233 the Thaumaturge (Demonspawn Necromancer)    Turns: 14277, Time: 00:16:33

Health: -22/94     AC:  6    Str: 10    XL:     12   Next: 31%
Magic:  7/27       EV: 17    Int: 24    God:    Qazlal [****..]
Gold:   667        SH: 10    Dex: 19    Spells: 17/33 levels left

rFire   . . .      SeeInvis .    s - +4 short sword
rCold   . . .      Faith    .    (no shield)
rNeg    . . .      Spirit   .    a - +0 robe
rPois   .          Reflect  +    H - +0 hat {Int+3}
rElec   .          Rampage  .    C - +0 cloak
rCorr   .                        (no gloves)
Will    .....                    (no boots)
Stlth   +                        G - amulet of reflection
HPRegen 0.35/turn                D - +6 ring of dexterity
MPRegen 0.20/turn                j - ring of wizardry

@: repel missiles
A: slimy green scales 2, foul stench 2, spiny 2
a: Renounce Religion, Upheaval, Elemental Force


You were on level 12 of the Dungeon.
You worshipped Qazlal.
Qazlal was greatly pleased with you.
You visited 1 branch of the dungeon, and saw 12 of its levels.

You collected 667 gold pieces.

Inventory:

Hand Weapons
 f - a +1 dagger of venom
 h - a +1 dagger of venom
 s - a +4 short sword (weapon)
 I - a +2 falchion
 J - a -2 demon whip of venom
 M - a +1 arbalest of flaming
Missiles
 x - a throwing net
Armour
 a - a +0 robe (worn)
 C - a +0 cloak (worn)
 E - an orb of wrath
 H - a +0 hat of intelligence (worn)
Jewellery
 j - a ring of wizardry (right hand)
 D - a +6 ring of dexterity (left hand)
 G - an amulet of reflection (around neck)
 P - an amulet of guardian spirit
Wands
 o - a wand of iceblast (22)
Scrolls
 c - 2 scrolls of amnesia {unknown}
 d - 3 scrolls of enchant weapon {unknown}
 g - a scroll of blinking {unknown}
 k - 4 scrolls of noise {unknown}
 l - 4 scrolls of teleportation
 m - 7 scrolls of fear
 p - 11 scrolls of identify {unknown}
 t - 6 scrolls of fog {unknown}
 v - a scroll of torment {unknown}
 y - 3 scrolls of vulnerability {unknown}
 A - 2 scrolls of immolation {unknown}
 B - a scroll of summoning
 F - a scroll of poison {unknown}
 L - 2 scrolls of magic mapping {unknown}
 N - a scroll of silence {unknown}
Potions
 b - a potion of flight {unknown}
 e - 3 potions of might
 i - 3 potions of attraction {unknown}
 n - 2 potions of berserk rage
 q - 3 potions of mutation {unknown}
 r - 2 potions of lignification {unknown}
 u - a potion of degeneration {unknown}
 w - 2 potions of ambrosia {unknown}
 z - 3 potions of brilliance {unknown}
 K - 4 potions of haste {unknown}
 O - a potion of heal wounds {unknown}


   Skills:
 + Level 8.3 Fighting
 + Level 8.0 Dodging
 - Level 2.0 Stealth
 * Level 11.3 Spellcasting
 - Level 9.9 Necromancy
 + Level 10.9 Invocations


You had 17 spell levels left.
You knew the following spells:

 Your Spells              Type           Power      Damage    Failure   Level
a - Necrotise             Necr           100%       1d9       1%          1
b - Vampiric Draining     Necr           57%        2d10      1%          3
c - Borgnjor's Vile Clut  Necr/Erth      18%        N/A       7%          5
d - Agony                 Necr           57%        N/A       1%          5
e - Blink                 Tloc           26%        N/A       2%          2

Your spell library contained the following spells:

 Spells                   Type           Power      Damage    Failure   Level
 Foxfire                  Conj/Fire      52%        2x1d6     1%          1
 Animate Dead             Necr           57%        N/A       1%          4
 Ensorcelled Hibernation  Hex/Ice        26%        N/A       2%          2
 Lesser Beckoning         Tloc           26%        N/A       2%          2
 Momentum Strike          Conj/Tloc      26%        3d8       2%          2
 Anguish                  Hex/Necr       18%        N/A       2%          4
 Death Channel            Necr           28%        N/A       4%          6
 Frozen Ramparts          Ice            26%        1d4       6%          3
 Gell's Gravitas          Tloc           13%        N/A       6%          3
 Ignite Poison            Fire/Tmut/Pois 13%        N/A       6%          3
 Kindle Blastsparks       Fire/Tloc/Air  26%        2d12      6%          3
 Ozocubu's Armour         Ice            13%        N/A       6%          3
 Spider Form              Tmut/Pois      13%        N/A       6%          3
 Teleport Other           Tloc           13%        N/A       6%          3
 Fulminant Prism          Conj/Hex       6%         3d6       17%         4
 Ice Form                 Ice/Tmut       13%        N/A       17%         4
 Iskenderun's Mystic Bla  Conj/Tloc      13%        2d5       17%         4
 Summon Ice Beast         Ice/Summ       13%        N/A       17%         4
 Fireball                 Conj/Fire      6%         3d5       43%         5
 Freezing Cloud           Conj/Ice/Air   6%         6-21      43%         5
 Lee's Rapid Deconstruct  Erth           6%         3d6*      43%         5
 Metabolic Englaciation   Hex/Ice        6%         N/A       43%         5
 Dispersal                Tloc           6%         N/A       93%         6
 Starburst                Conj/Fire      6%         6d4       93%         6
 Ozocubu's Refrigeration  Ice            6%         4d8       100%        7


Dungeon Overview and Level Annotations

Branches:
Dungeon (12/15)            Temple (0/1) D:4            Lair (0/5) D:10
    Orc: D:9-12

Altars:
Ashenzari
Cheibriados
Dithmenos
Gozag
Hepliaklqana
Kikubaaqudgha
Okawaru
Qazlal
Ru
Sif Muna
Uskayaw
Wu Jian
Yredelemnul

Shops:
D:7 (((

Annotations:
D:5 3 runed translucent doors, svtm's ghost, amateur MiFi
D:10 2 transporters, corax's ghost, journeyman OpCj


Innate Abilities, Weirdness & Mutations

You are mostly covered in slimy green scales. (AC +3)
You sometimes emit foul miasma when damaged in melee.
You are mostly covered in sharp spines.


Message History

Press: ? - help, Shift-Dir - straight line, f - slime creature
Aim: a slime creature (sparse dust, moderately wounded)
You draw life force from the slime creature!
You feel life coursing into your body! The slime creature hits you!
Two slime creatures merge to form a large slime creature.
The slime creature hits you.
* * * LOW HITPOINT WARNING * * *
Two slime creatures merge to form a large slime creature.
Unknown command.
Casting: Vampiric Draining (safe; 1% risk of failure)
Confirm with . or Enter, or press ? or * to list all spells.
Aiming: Vampiric Draining (safe; 1% risk of failure)
Press: ? - help, Shift-Dir - straight line, f/p - large slime creature
Aim: a large slime creature (sparse dust, moderately wounded)
You draw life force from the large slime creature!
You feel life coursing into your body. You block the slime creature's attack.
The large slime creature is struck by your spines.
The large slime creature completely misses you.
Unknown command.
Casting: Vampiric Draining (safe; 1% risk of failure)
Confirm with . or Enter, or press ? or * to list all spells.
Aiming: Vampiric Draining (safe; 1% risk of failure)
Press: ? - help, Shift-Dir - straight line, f/p - large slime creature
Aim: a large slime creature (sparse dust, moderately wounded)
You draw life force from the large slime creature!
You feel life coursing into your body! The slime creature barely misses you.
The large slime creature is struck by your spines.
The large slime creature hits you!!
* * * LOW HITPOINT WARNING * * *
Unknown command.
Casting: Vampiric Draining (safe; 1% risk of failure)
Confirm with . or Enter, or press ? or * to list all spells.
Aiming: Vampiric Draining (safe; 1% risk of failure)
Press: ? - help, Shift-Dir - straight line, f/p - large slime creature
Aim: a large slime creature (sparse dust, heavily wounded)
You draw life force from the large slime creature.
You feel life coursing into your body. You block the slime creature's attack.
The large slime creature is struck by your spines.
The large slime creature hits you!!
You die...

'...# ## ##J8. .#
..####... ..# .#
......).# #..# .#
#######[# #..# .#
.^......## #..# .#
..####.○.### #..#
.#
.##.)##.JJJ###..#
.#
...?....§@.☼##..#
#.# .#
.##..##.§.○.....#
#.# #. .# ##
#.°.##.....# #.#
#. <# ###
.....######..# #.#
#. .# #.##
######.# #..# #.#
#. .# #..# #..#
#..# #.# #. .#
#..# #..#
#..####.# #. .#
#).# #..#
#.......####.
.####..########..#
#............


You could see 2 large slime creatures and a slime creature.

Vanquished Creatures
  Erolcha (D:11)
  A two-headed ogre (D:11)
  Erica (D:9)
  A boulder beetle (D:12)
  2 death yaks
  Sonja (D:11)
  Amaemon (D:8)
  A manticore (D:10)
  A gargoyle (D:12)
  2 unseen horrors
  An orange demon (D:8)
  A kobold demonologist (D:12)
  Psyche (D:7)
  A hornet (D:6)
  4 trolls
  A slime creature (D:12)
  A vampire (D:11)
  A shadow (D:9)
  8 yaks
  Grum (D:8)
  2 wyverns
  A wraith (D:10)
  2 steam dragons
  A basilisk (D:12)
  12 vampire mosquitoes
  Edmund (D:6)
  3 wargs (D:12)
  An acid dragon (D:9)
  3 water moccasins
  3 orc warriors
  A sky beast (D:8)
  A black bear (D:6)
  An ice beast (D:7)
  3 wolves (D:8)
  2 ogres
  2 centaurs
  A phantom (D:5)
  2 bullfrogs
  2 kobold brigands (D:9)
  4 gnoll sergeants
  4 scorpions
  11 wights
  13 killer bees
  4 howler monkeys
  2 electric eels (D:7)
  A crimson imp (D:3)
  6 hounds
  4 orc priests
  A gnoll bouda (D:8)
  2 sleepcaps
  2 orc wizards
  7 iguanas
  Robin (D:2)
  21 gnolls
  8 adders
  2 river rats (D:10)
  A shadow imp (D:7)
  A white imp (D:8)
  2 dart slugs (D:4)
  29 orcs
  9 bats
  10 endoplasms
  2 giant cockroaches
  20 goblins
  12 hobgoblins
  3 jackals (D:3)
  4 quokkas
  6 ball pythons
  2 frilled lizards (D:2)
  A goblin skeleton (D:3)
  2 goblin zombies (D:3)
  19 kobolds
  4 kobold zombies (D:3)
  An orc skeleton (D:3)
297 creatures vanquished.

Vanquished Creatures (collateral kills)
  Gastronok (D:7)
  A death yak (D:10)
  A yak (D:10)
  A vampire mosquito (D:10)
  A giant cockroach (D:1)
  2 goblins
  A hobgoblin (D:2)
  A kobold (D:4)
  A goblin zombie (D:3)
  An orc skeleton (D:3)
11 creatures vanquished.

Vanquished Creatures (others)
  A fungus (D:5)
  3 plants (D:5)
4 creatures vanquished.

Grand Total: 312 creatures vanquished

Notes
Turn   | Place    | Note
-------+----------+-------------------------------------------
     0 | D:1      | 112233 the Demonspawn Necromancer began the quest for the
                  | Orb.
     0 | D:1      | Reached XP level 1. HP: 13/13 MP: 3/3
   286 | D:1      | Found a faded altar of an unknown god.
   387 | D:1      | Prayed at the altar of an unknown god.
   387 | D:1      | Became a worshipper of Qazlal Stormbringer
   387 | D:1      | Reached * piety under Qazlal
   421 | D:1      | Gained mutation: You are partially covered in slimy green
                  | scales. (AC +2) [demonic ancestry]
   421 | D:1      | Reached XP level 2. HP: 19/19 MP: 1/5
   744 | D:1      | Reached skill level 5 in Necromancy
   839 | D:1      | Gained mutation: You are mostly covered in slimy green
                  | scales. (AC +3) [demonic ancestry]
   839 | D:1      | Reached XP level 3. HP: 24/24 MP: 3/6
  1140 | D:2      | Reached ** piety under Qazlal
  1261 | D:2      | Noticed Robin
  1289 | D:2      | Killed Robin
  1449 | D:2      | Reached XP level 4. HP: 30/30 MP: 2/7
  2512 | D:2      | Learned a level 3 spell: Vampiric Draining
  2681 | D:2      | Reached skill level 1 in Invocations
  2681 | D:2      | Gained mutation: You are partially covered in sharp spines.
                  | [demonic ancestry]
  2681 | D:2      | Reached XP level 5. HP: 8/36 MP: 1/8
  2904 | D:3      | Reached *** piety under Qazlal
  3318 | D:4      | Found a staircase to the Ecumenical Temple.
  3326 | D:4      | Reached skill level 1 in Fighting
  3326 | D:4      | Reached skill level 3 in Spellcasting
  3440 | D:4      | Gained mutation: You may rarely emit foul miasma when
                  | damaged in melee. [demonic ancestry]
  3440 | D:4      | Reached XP level 6. HP: 42/43 MP: 10/10
  3855 | D:4      | Gained mutation: You are mostly covered in sharp spines.
                  | [demonic ancestry]
  3855 | D:4      | Reached XP level 7. HP: 35/50 MP: 0/12
  3858 | D:4      | Reached skill level 4 in Spellcasting
  4465 | D:5      | Entered Level 5 of the Dungeon
  4918 | D:5      | Found a runed translucent gate.
  4919 | D:5      | Found a runed translucent gate.
  4919 | D:5      | Found a runed translucent gate.
  4920 | D:5      | Noticed svtm's ghost (amateur MiFi)
  5009 | D:5      | Found a sacrificial altar of Ru.
  5209 | D:6      | Reached **** piety under Qazlal
  5571 | D:6      | Reached XP level 8. HP: 51/57 MP: 10/15
  5604 | D:6      | Found an iron altar of Okawaru.
  5608 | D:6      | Found an opulent altar of Gozag.
  5610 | D:6      | Found a hide-covered altar of Uskayaw.
  5620 | D:6      | Reached skill level 5 in Spellcasting
  5621 | D:6      | Found a broken altar of Ashenzari.
  5641 | D:6      | Found a basalt altar of Yredelemnul.
  5851 | D:6      | Noticed a hornet
  5858 | D:6      | Killed a hornet
  5859 | D:6      | Reached skill level 5 in Invocations
  5940 | D:6      | Noticed Edmund
  5948 | D:6      | Reached skill level 6 in Spellcasting
  5952 | D:6      | Killed Edmund
  6096 | D:6      | Reached XP level 9. HP: 65/65 MP: 14/18
  6320 | D:6      | Found a hazy altar of Hepliaklqana.
  6838 | D:7      | Found Nami's Weapon Boutique.
  6858 | D:6      | Learned a level 2 spell: Blink
  6864 | D:6      | Learned a level 5 spell: Agony
  7138 | D:7      | Found a stormy altar of Qazlal.
  7343 | D:7      | Found Fajaok's Weapon Shop.
  7386 | D:7      | Got Gekug's Commentary on Chilblains and the Cemetery
  7424 | D:7      | Reached skill level 5 in Dodging
  7424 | D:7      | Reached skill level 7 in Spellcasting
  7671 | D:7      | Found Hapsao's Antique Weapon Emporium.
  8049 | D:8      | Noticed Gastronok
  8268 | D:7      | Killed Gastronok
  8269 | D:7      | Reached skill level 5 in Fighting
  8269 | D:7      | Reached XP level 10. HP: 51/74 MP: 0/21
  8420 | D:8      | Noticed Psyche
  8456 | D:7      | Killed Psyche
  8460 | D:7      | Reached skill level 8 in Spellcasting
  8745 | D:8      | Noticed an orange demon
  8748 | D:8      | Noticed Amaemon
  8814 | D:8      | Killed Amaemon
  8819 | D:8      | Killed an orange demon
  9088 | D:8      | Noticed Grum
  9096 | D:8      | Killed Grum
  9717 | D:9      | Noticed Erica
  9726 | D:9      | Killed Erica
  9727 | D:9      | Reached skill level 9 in Spellcasting
 10195 | D:9      | Reached XP level 11. HP: 83/83 MP: 24/24
 10520 | D:9      | Found a snail-covered altar of Cheibriados.
 10687 | D:10     | Entered Level 10 of the Dungeon
 10712 | D:10     | Noticed a death yak
 10714 | D:10     | Noticed a death yak
 10715 | D:10     | Noticed a death yak
 10719 | D:10     | Killed a death yak
 10722 | D:10     | Killed a death yak
 10730 | D:10     | Found a transporter.
 10733 | D:10     | HP: 3/83 [steam dragon/ball of steam (14)]
 10743 | D:10     | Found a transporter.
 10743 | D:10     | Noticed corax's ghost (journeyman OpCj)
 10977 | D:9      | Killed a death yak
 10985 | D:9      | Learned a level 5 spell: Borgnjor's Vile Clutch
 11114 | D:10     | Reached skill level 10 in Spellcasting
 11569 | D:10     | Found a staircase to the Lair.
 11955 | D:10     | Found a shimmering blue altar of Sif Muna.
 11955 | D:10     | Found an ancient bone altar of Kikubaaqudgha.
 11957 | D:10     | Found a shadowy altar of Dithmenos.
 11957 | D:10     | Found an ornate altar of the Wu Jian Council.
 12062 | D:11     | Noticed Sonja
 12068 | D:11     | Killed Sonja
 12161 | D:11     | Reached skill level 10 in Invocations
 12316 | D:11     | Found a shadowy altar of Dithmenos.
 12321 | D:11     | Noticed a two-headed ogre
 12337 | D:11     | Killed a two-headed ogre
 12509 | D:11     | Noticed Erolcha
 12518 | D:11     | Killed Erolcha
 12987 | D:11     | Gained mutation: You sometimes emit foul miasma when
                  | damaged in melee. [demonic ancestry]
 12987 | D:11     | Reached XP level 12. HP: 77/92 MP: 20/26
 13317 | D:12     | Noticed a boulder beetle
 13339 | D:12     | HP: 1/92 [boulder beetle (20)]
 13345 | D:12     | Killed a boulder beetle
 13346 | D:12     | Reached skill level 11 in Spellcasting
 14277 | D:12     | Annihilated by a large slime creature

Illustrated notes

Levels and vault maps discovered:
D:1:      amcnicky_arrival_feature_with_door, layout_basic,
          shapermc_ecumenical_altar_acropolis, minivault_23
D:2:      layout_basic, uniq_robin
D:3:      layout_basic, nicolae_tso_besieged_by_evil
D:4:      layout_loops_ring, minmay_temple_entry_statues_fountains,
          serial_park_tiny_pond
D:5:      layout_rooms, nicolae_ru_path_of_blood, gammafunk_ghost_nasty_kobolds
D:6:      minmay_spotlight, layout_gridville, grunt_temple_overflow_open,
          uniq_edmund
D:7:      layout_rooms, nicolae_elyvilon_temple_path,
          mainiacjoe_overflow_boulevard, serial_shops, nicolae_shop_trees, shop,
          shop
D:8:      layout_basic, uniq_gastronok, uniq_psyche, uniq_amaemon, uniq_grum
D:9:      layout_long_grid, mainiacjoe_overflow_alcove_2, uniq_erica
D:10:     layout_roguey, mainiacjoe_overflow_alcove_3, zin_treasury,
          dpeg_lair_monsters, gammafunk_ghost_arena
D:11:     layout_gridville, nicolae_dithmenos_shadow_blocks, uniq_erolcha,
          uniq_sonja
D:12:     layout_long_grid, david_orc_1_choice

Skill      XL: |  1  2  3  4  5  6  7  8  9 10 11 12 |
---------------+-------------------------------------+-----
Stealth        | 2 |  2.0
Dodging        | 2 3 4 5 6 7 8 |  8.0
Necromancy     | 5 6 7 8 9 |  9.9
Invocations    | 1 2 4 5 7 8 10 | 10.9
Fighting       | 1 2 4 5 6 7 8 |  8.3
Spellcasting   | 3 4 6 7 9 10 11 | 11.3

Action                     |  1- 3 |  4- 6 |  7- 9 | 10-12 || total
---------------------------+-------+-------+-------+-------++-------
  Melee: Unarmed           |    13 |       |       |       ||    13
         Dagger            |    12 |    94 |   109 |     6 ||   221
         Punch             |       |     1 |       |     2 ||     3
         Short sword       |       |       |       |   148 ||   148
   Fire: Arbalest          |       |       |       |    50 ||    50
   Cast: Necrotise         |    59 |    67 |    41 |     7 ||   174
         Vampiric Draining |       |    10 |    51 |    94 ||   155
         Borgnjor's Vile C |       |       |       |    25 ||    25
 Invoke: Elemental Force   |       |       |     1 |     1 ||     2
         Upheaval          |       |       |       |    10 ||    10
  Evoke: Wand              |       |       |     2 |     3 ||     5
    Use: Potion            |       |       |     2 |     6 ||     8
         Scroll            |       |       |       |     2 ||     2
   Stab: Paralysed         |       |       |     1 |       ||     1
 Armour: Robe              |    12 |    36 |    25 |    60 ||   133
  Dodge: Dodged            |    17 |    79 |    87 |   244 ||   427
         Repelled          |       |       |     1 |       ||     1
  Block: Other             |       |    14 |    45 |   177 ||   236
         Reflection        |       |       |       |     3 ||     3

Table legend: (Time is in decaauts)
 A = Elapsed time spent in this place.
 B = Non-inter-level travel time spent in this place.
 C = Inter-level travel time spent in this place.
 D = Time resting spent in this place.
 E = Time spent auto-exploring this place.
 F = Levels seen in this place.
 G = Mean time per level.
                   A        B        C        D        E       F      G
               +--------+--------+--------+--------+--------+-----+--------+
         Total |  14348 |  13867 |    481 |   1280 |  10741 |  12 | 1195.7 |
       Dungeon |  14348 |  13867 |    481 |   1280 |  10741 |  12 | 1195.7 |
               +--------+--------+--------+--------+--------+-----+--------+

Top non-repeatable levels by time:
     D:9: 1747 daAuts
     D:2: 1607 daAuts
     D:7: 1556 daAuts
     D:6: 1467 daAuts
     D:4: 1191 daAuts
    D:11: 1130 daAuts
    D:12: 1093 daAuts
     D:1: 1063 daAuts
     D:8: 1006 daAuts
     D:5: 987 daAuts
    D:10: 893 daAuts
     D:3: 602 daAuts
